Map: [ESL] NeoHumanity

Players

Harstem

  • Race: Protoss Protoss
  • Spawn Location: 11:00

Lambo - Winner!

  • Race: Zerg Zerg
  • Spawn Location: 5:00

Event: ESL SC2 Masters 2023 Summer (Regionals)

VOD

Have the link to the VOD?

Description

Time

  • Played on: May 17, 2023, 11:34 a.m.
  • Length: 12:22

All games in this series

Show
View Real Time Build Order
Export as new Build Order

Harstem Protoss 

Build Orders: 1 Gate Expand, Mass Adepts 

Get SALT Encoding   

  12  0:00  Probe  
  13  0:12  Probe  
  14  0:19  Pylon  
  14  0:24  Probe  
  15  0:37  Probe (Chrono Boost)  
  15  0:39  Gateway  
  16  0:46  Probe (Chrono Boost)  
  17  0:51  Probe (Chrono Boost), Assimilator  
  18  1:03  Probe  
  19  1:15  Probe  
  20  1:25  Nexus  
  20  1:36  Cybernetics Core  
  20  1:38  Probe  
  21  1:43  Assimilator  
  21  1:50  Probe  
  21  1:54  Pylon  
  22  2:02  Probe  
  23  2:10  Adept (Chrono Boost)  
  23  2:15  Probe  
  26  2:23  Warp Gate  
  26  2:27  Probe (Chrono Boost)  
  26  2:28  Twilight Council  
  27  2:32  Stalker  
  29  2:37  Probe (Chrono Boost)  
  31  2:45  Probe (Chrono Boost)  
  31  2:46  Probe (Chrono Boost)  
  33  2:51  Probe x2 (Chrono Boost)  
  34  3:03  Probe x2  
  34  3:05  Robotics Facility  
  36  3:11  Gateway  
  36  3:14  Gateway  
  36  3:15  Probe x2  
  38  3:21  Gateway  
  38  3:24  Adept  
  40  3:27  Probe  
  40  3:28  Probe  
  40  3:32  Pylon  
  42  3:36  Resonating Glaives (Chrono Boost)  
  42  3:38  Pylon  
  42  3:39  Probe  
  43  3:43  Probe  
  44  3:48  Warp Prism (Chrono Boost)  
  44  3:53  Probe  
  47  3:55  Probe  
  48  4:05  Probe  
  48  4:06  Assimilator  
  49  4:11  Adept x3  
  49  4:15  Adept, Pylon  
  57  4:17  Probe  
  57  4:20  Pylon  
  58  4:34  Adept x4  
  58  4:38  Pylon  
  66  4:44  Probe  
  67  4:48  Probe  
  64  4:54  Adept x4  
  64  4:56  Probe  
  67  5:00  Probe  
  64  5:08  Probe  
  64  5:11  Assimilator  
  64  5:13  Probe  
  66  5:14  Robotics Bay  
  66  5:20  Probe  
  67  5:24  Nexus  
  67  5:25  Probe  
  68  5:28  Pylon  
  68  5:33  Probe  
  69  5:37  Probe  
  70  5:45  Probe  
  70  5:47  Adept x4, Observer (Chrono Boost)  
  70  5:49  Probe  
  81  5:54  Forge  
  81  5:56  Shield Battery  
  81  5:57  Probe  
  81  6:00  Disruptor (Chrono Boost)  
  81  6:01  Probe  
  86  6:05  Gravitic Drive  
  86  6:09  Probe  
  87  6:13  Probe  
  87  6:17  Blink  
  88  6:22  Probe, Protoss Ground Weapons Level 1 (Chrono Boost)  
  88  6:25  Disruptor (Chrono Boost)  
  89  6:26  Pylon  
  89  6:28  Probe  
  93  6:37  Probe  
  94  6:41  Probe  
  94  6:44  Probe  
  94  6:46  Adept x2  
  100  6:49  Probe  
  100  6:50  Assimilator  
  100  6:53  Probe  
  102  6:54  Assimilator  
  102  6:56  Probe, Immortal (Chrono Boost)  
  102  7:00  Templar Archives  
  107  7:04  Gateway  
  107  7:07  Gateway  
  107  7:12  Nexus  
  107  7:13  Adept  
  109  7:19  Probe  
  110  7:25  Psionic Storm, Immortal (Chrono Boost)  
  110  7:26  Probe  
  110  7:27  Pylon  
  110  7:28  Pylon  
  115  7:36  Probe  
  116  7:38  Pylon  
  116  7:42  Probe  
  116  7:43  High Templar x2  
  117  7:50  Probe  
  118  7:56  Probe, High Templar  
  118  7:58  Probe  
  120  8:01  Photon Cannon  
  120  8:02  Probe, Gateway  
  120  8:05  Pylon x2  
  121  8:06  High Templar  
  121  8:10  Stalker x2  
  121  8:12  Gateway  
  127  8:15  Gateway  
  127  8:16  Immortal (Chrono Boost)  
  131  8:24  Stalker x2  
  72  8:27  Protoss Ground Weapons Level 2 (Chrono Boost)  
  135  8:33  Probe  
  130  8:36  Stalker x3  
  130  8:38  Probe  
  138  8:41  Probe  
  138  8:43  Probe  
  138  8:45  Probe  
  138  8:46  Immortal (Chrono Boost), Assimilator  
  138  8:48  Assimilator  
  140  8:50  Probe  
  140  8:53  Probe  
  147  8:55  Stalker x2  
  150  9:07  Stalker x5  
  156  9:13  Photon Cannon  
  156  9:22  Charge  
  156  9:23  Stalker x4  
  162  9:32  Stalker x2  
  162  9:35  Stalker x2  
  170  9:45  Archon  
  156  9:51  Stalker x5  
  146  9:55  Probe (Chrono Boost)  
  146  9:59  Stalker x4  
  130  10:01  Probe (Chrono Boost), Observer  
  130  10:02  Probe (Chrono Boost)  
  132  10:07  Probe x2 (Chrono Boost)  
  132  10:10  Probe (Chrono Boost)  
  123  10:15  High Templar  
  123  10:16  High Templar x2  
  123  10:17  Probe  
  123  10:20  Probe  
  131  10:23  Probe x2  
  131  10:28  Photon Cannon  
  133  10:29  Probe  
  133  10:32  Shield Battery  
  133  10:33  Photon Cannon  
  134  10:37  High Templar x2  
  134  10:40  Adept x4  
  126  10:48  Adept x2  
  126  10:49  Adept  
  114  11:00  Stalker  
  114  11:03  Archon  
  104  11:07  Adept x2  
  108  11:17  High Templar  
  105  11:24  Probe  
  86  11:28  Stalker x2  
  86  11:31  Zealot  
  92  11:33  Probe  
  92  11:35  Probe  
  94  11:40  Probe  
  91  11:53  Archon  
  89  11:54  Stalker x3  
  89  11:58  Zealot  
  95  12:07  Adept x2  
  81  12:09  Probe  
  81  12:10  Probe  
Show
View Real Time Build Order
Export as new Build Order

Lambo Zerg - Winner!

Build Orders: Hatch First 

Get SALT Encoding   

  12  0:00  Drone  
  13  0:12  Overlord  
  13  0:16  Drone  
  14  0:30  Drone x2  
  16  0:41  Drone  
  17  0:51  Hatchery  
  17  0:54  Drone  
  18  0:57  Drone  
  18  1:08  Extractor  
  17  1:12  Spawning Pool  
  17  1:15  Drone  
  17  1:18  Drone  
  18  1:27  Drone  
  19  1:39  Drone  
  20  1:50  Overlord  
  20  1:59  Queen  
  22  2:03  Queen  
  22  2:04  Drone, Zergling x2  
  22  2:08  Metabolic Boost  
  26  2:10  Zergling x2  
  26  2:13  Drone  
  28  2:21  Drone  
  29  2:25  Drone  
  30  2:33  Hatchery  
  30  2:36  Drone  
  30  2:43  Drone  
  31  2:44  Overlord  
  31  2:46  Drone  
  32  2:51  Queen  
  32  2:54  Drone  
  35  2:59  Drone  
  35  3:04  Queen  
  38  3:07  Overlord  
  38  3:09  Drone  
  38  3:11  Drone  
  40  3:13  Drone  
  40  3:14  Drone  
  40  3:16  Zergling x2  
  40  3:19  Drone  
  44  3:25  Drone  
  45  3:27  Drone x2  
  45  3:32  Queen  
  49  3:34  Drone  
  50  3:43  Drone x3, Roach Warren  
  50  3:47  Queen  
  54  3:52  Overlord  
  54  3:54  Drone x2  
  56  3:57  Drone  
  56  4:01  Drone  
  58  4:03  Overlord  
  58  4:06  Overlord  
  58  4:08  Overlord  
  58  4:14  Queen  
  61  4:17  Zergling x8  
  64  4:25  Roach x4  
  72  4:32  Roach x3  
  72  4:36  Extractor, Overlord  
  72  4:37  Roach  
  72  4:38  Zergling x2  
  80  4:43  Overlord  
  80  4:49  Zergling x12  
  83  4:58  Zergling x10  
  87  5:04  Zergling x2  
  87  5:05  Zergling x2  
  87  5:06  Spore Crawler  
  85  5:15  Spore Crawler  
  85  5:17  Drone x5  
  86  5:22  Drone  
  86  5:29  Drone x2  
  86  5:30  Spore Crawler  
  86  5:33  Drone x2  
  89  5:36  Drone  
  89  5:38  Drone x2  
  89  5:42  Spore Crawler  
  91  5:43  Drone x3  
  91  5:44  Drone  
  91  5:48  Lair  
  97  5:52  Drone, Evolution Chamber  
  97  5:58  Drone x5  
  97  6:00  Drone  
  97  6:02  Drone x2  
  105  6:10  Hatchery  
  104  6:11  Drone  
  104  6:13  Drone  
  104  6:17  Overlord  
  106  6:19  Zerg Melee Weapons Level 1  
  106  6:21  Extractor, Overlord  
  106  6:22  Extractor, Overlord  
  104  6:27  Drone x2, Overlord  
  104  6:29  Overlord  
  104  6:31  Overlord  
  106  6:33  Overlord  
  106  6:37  Overlord  
  106  6:38  Baneling Nest  
  105  6:44  Roach  
  105  6:45  Roach x3  
  112  6:48  Drone x2  
  112  6:49  Drone  
  112  6:52  Zergling x6  
  112  6:53  Zergling x2  
  119  6:56  Drone x2, Glial Reconstitution  
  119  6:58  Unknown  
  120  7:03  Drone x2, Ravager  
  120  7:04  Drone  
  120  7:06  Roach  
  120  7:07  Roach x2  
  120  7:08  Overseer  
  130  7:11  Roach x2  
  130  7:14  Drone x3  
  136  7:16  Roach  
  138  7:30  Zergling x16  
  145  7:44  Drone x4  
  145  7:45  Drone x3  
  151  7:56  Zergling x20  
  153  8:02  Centrifugal Hooks  
  153  8:04  Drone  
  154  8:09  Hatchery, Zergling x2  
  154  8:10  Zergling x8  
  154  8:11  Ravager x3  
  154  8:12  Evolution Chamber  
  160  8:13  Zergling x2  
  160  8:14  Ravager x2  
  160  8:16  Overseer  
  160  8:18  Zergling x6  
  166  8:22  Zergling x2  
  166  8:26  Zergling x4  
  169  8:35  Zergling x10  
  169  8:36  Baneling x26  
  169  8:40  Drone  
  169  8:41  Drone  
  176  8:42  Overlord x2  
  176  8:44  Overlord  
  176  8:46  Overlord  
  176  8:51  Zerg Melee Weapons Level 2  
  176  8:52  Zerg Missile Weapons Level 1  
  176  8:53  Overlord  
  176  8:58  Overlord  
  176  9:00  Overlord  
  173  9:03  Zergling x16  
  173  9:05  Baneling x3  
  173  9:07  Zergling x16  
  187  9:15  Infestation Pit  
  183  9:18  Zergling x12  
  183  9:22  Baneling x8  
  183  9:23  Baneling x4  
  183  9:24  Zergling x4  
  180  9:32  Zergling x2  
  180  9:33  Zergling x10  
  180  9:35  Baneling x6  
  180  9:36  Baneling x3  
  186  9:39  Zergling x2  
  186  9:40  Zergling x16  
  186  9:43  Zergling x2  
  172  9:49  Roach x3  
  165  9:53  Roach  
  165  9:56  Roach  
  165  9:57  Roach x5  
  150  10:02  Roach x2  
  146  10:07  Roach  
  146  10:08  Roach x4  
  146  10:12  Roach x3  
  159  10:16  Zergling x2  
  159  10:18  Zergling x2  
  159  10:20  Queen, Hive  
  161  10:22  Zergling x6  
  161  10:27  Baneling x7  
  162  10:30  Zergling x10  
  167  10:39  Zergling x20  
  175  10:47  Zergling x4  
  172  10:50  Zergling x10  
  171  10:59  Zergling x14  
  171  11:03  Roach x2  
  172  11:07  Roach x4  
  172  11:10  Zergling x2  
  172  11:12  Overseer  
  172  11:14  Roach x2  
  172  11:15  Roach  
  162  11:19  Roach x4  
  162  11:22  Roach  
  162  11:25  Roach x2  
  157  11:31  Roach x2  
  160  11:35  Roach x9  
  160  11:37  Ravager x2  
  160  11:38  Ravager  
  179  11:41  Zergling x4  
  170  11:48  Zergling x12  
  170  11:50  Hatchery  
  170  11:52  Zergling x2  
  156  11:56  Zergling x4  
  156  11:57  Ravager x2  
  156  11:59  Zergling x4  
  162  12:03  Zergling x2  
  162  12:04  Zergling x16  
  154  12:11  Ravager  
Tags
 
Add a new tag
Caveats
  • Supply blocks, unpowered buildings, or Contaminate may cause inaccurate times.
  • Supply counts are checked every 10 seconds.